Oilers vs Canucks

Created - October 9 2009 at 18:26

Simulating a Pre-Season

Goals
1 2 3 T
Oilers 0 2 2 4
Canucks 1 0 1 2
Shots
1 2 3 T
Oilers 3 4 5 12
Canucks 13 10 5 28

Period #1

1. Canucks , Vincent Lecavalier 1 (Alex Tanguay, David Backes) at 3:43

Penalties :
Mats Sundin (EDM) for Interference (Minor) at 4:42, Rob Blake (VAN) for Holding (Minor) at 4:53, Corey Perry (VAN) for Fighting (Major) at 7:35, Jeff Schultz (EDM) for Fighting (Major) at 7:35, Michal Handzus (EDM) for Tripping (Minor) at 9:42, Rob Blake (VAN) for Tripping (Minor) at 17:37, Ian White (VAN) for Hooking (Minor) at 18:55

Period #2

2. Oilers , Radek Dvorak 2 (Patrice Bergeron, Mats Sundin) at 2:56
3. Oilers , Rod BrindAmour 2 (Dan Cleary, Matt Niskanen) at 18:32 (PP)

Penalties :
Corey Perry (VAN) for Hooking (Minor) at 5:55, Bryce Salvador (EDM) for High sticking (Minor) at 11:19, Duncan Keith (VAN) for Hooking (Minor) at 17:34, Scott Hannan (EDM) for Interference (Minor) at 19:07

Period #3

4. Oilers , Scott Hannan 1 (Scott Nichol, Michal Handzus) at 8:06 (PP)
5. Oilers , Fernando Pisani 2 (Milan Hejduk) at 12:36
6. Canucks , Ron Hainsey 1 (Andrew Ference) at 18:25

Penalties :
Rob Blake (VAN) for High sticking (Minor) at 4:28, Rob Blake (VAN) for Roughing (Minor) at 6:39

Goalie Stats

Kari Lehtonen (EDM), 26 saves from 28 shots - (0.929), W, 3-2-1, 60:00 minutes
Jason LaBarbera (VAN), 6 saves from 10 shots - (0.600), L, 0-1-0, 52:36 minutes
Cam Ward (VAN), 2 saves from 2 shots - (1.000), 7:24 minutes

Players Stats

Oilers
Player Name              G  A  P  +/- PIM S  H  SB FO    MP 
------------------------------------------------------------
Bryce Salvador           0  0  0  -1  2   0  2  1  0/0   20 
Cory Stillman            0  0  0  -1  0   3  2  0  0/0   15 
Dan Cleary               0  1  1  -1  0   2  1  0  2/5   18 
Dan Hamhuis              0  0  0   0  0   0  3  0  0/0   23 
Fernando Pisani          1  0  1   1  0   1  0  0  0/0   4  
Jeff Schultz             0  0  0   1  5   0  3  0  0/0   16 
Mats Sundin              0  1  1   1  2   0  0  0  6/19  18 
Matt Niskanen            0  1  1  -1  0   0  0  1  0/0   19 
Michal Handzus           0  1  1  -1  2   0  2  0  10/21 18 
Milan Hejduk             0  1  1   0  0   1  1  0  0/2   21 
Niclas Havelid           0  0  0   0  0   0  0  0  0/0   22 
Patrice Bergeron         0  1  1   1  0   1  1  0  0/0   17 
Radek Dvorak             1  0  1   1  0   1  1  0  1/2   18 
Rod BrindAmour           1  0  1  -1  0   1  0  0  19/25 16 
Scott Hannan             1  0  1   1  2   1  1  0  0/0   20 
Scott Nichol             0  1  1   1  0   0  2  0  8/11  8  
Steve Downie             0  0  0   0  0   0  0  0  0/0   1  
Steve Sullivan           0  0  0  -1  0   1  0  0  0/0   18 
Canucks
Player Name              G  A  P  +/- PIM S  H  SB FO    MP 
------------------------------------------------------------
Ales Hemsky              0  0  0   1  0   2  0  0  0/0   16 
Alex Tanguay             0  1  1   0  0   3  0  0  0/1   13 
Alexander Edler          0  0  0   1  0   2  1  0  0/0   17 
Alexander Frolov         0  0  0  -1  0   1  0  0  0/1   16 
Andrei Kostitsyn         0  0  0   0  0   2  0  0  0/0   5  
Andrew Ference           0  1  1   0  0   0  1  0  0/0   19 
Corey Perry              0  0  0  -1  7   6  1  0  0/2   15 
David Backes             0  1  1   0  0   2  5  0  1/2   15 
Duncan Keith             0  0  0  -1  2   1  1  1  0/0   20 
Fedor Tyutin             0  0  0   1  0   1  1  1  0/0   22 
Ian White                0  0  0   0  2   0  0  0  0/0   8  
Jay McClement            0  0  0   0  0   0  0  0  3/10  9  
Joe Thornton             0  0  0  -1  0   3  2  0  13/24 17 
Kyle Okposo              0  0  0   1  0   0  2  0  0/2   17 
Rob Blake                0  0  0  -1  8   0  1  0  0/0   19 
Ron Hainsey              1  0  1   1  0   4  0  1  0/0   22 
Ryan Kesler              0  0  0   0  0   0  1  1  9/21  20 
Vincent Lecavalier       1  0  1   0  0   1  0  0  13/22 17 

3 Stars

1 - Radek Dvorak (EDM)
2 - Ron Hainsey (VAN)
3 - Fernando Pisani (EDM)

Power Play

Oilers - 2 on 7 Attempt(s) - 28.57%
Canucks - 0 on 4 Attempt(s) - 0.00%

Penalty Kill

Oilers - 4 on 4 Attempt(s) - 100.00% - Score 0 goal in Penalty Kill
Canucks - 5 on 7 Attempt(s) - 71.43% - Score 0 goal in Penalty Kill

Game Notes

Corey Perry and Jeff Schultz fight to a draw at 7:35 of 1st period
Cam Ward enters game at 12:36 of 3rd period

Play by Play

Period #1

0:01 of 1st period - Rod BrindAmour wins face-off versus Joe Thornton in neutral zone.
0:08 of 1st period - Corey Perry is hit by Cory Stillman and loses puck.
0:34 of 1st period - Joe Thornton is hit by Dan Hamhuis and loses puck.
0:41 of 1st period - Shot by Corey Perry.
0:41 of 1st period - Stopped by Kari Lehtonen without a rebound.
0:42 of 1st period - Michal Handzus wins face-off versus Alex Tanguay in Oilers zone.
1:08 of 1st period - Michal Handzus is hit by David Backes and loses puck.
2:33 of 1st period - Icing by Dan Cleary.
2:34 of 1st period - Rod BrindAmour wins face-off versus Jay McClement in Oilers zone.
2:47 of 1st period - Cory Stillman is hit by Fedor Tyutin.
3:07 of 1st period - Shot by Andrei Kostitsyn.
3:07 of 1st period - Stopped by Kari Lehtonen without a rebound.
3:08 of 1st period - Vincent Lecavalier wins face-off versus Michal Handzus in Oilers zone.
3:43 of 1st period - Shot by Alex Tanguay.
3:43 of 1st period - Deflect By Vincent Lecavalier.
3:43 of 1st period - Goal by Vincent Lecavalier - Oilers : 0 - Canucks : 1.
3:44 of 1st period - Radek Dvorak wins face-off versus Ryan Kesler in neutral zone.
3:55 of 1st period - Icing by Scott Hannan.
3:56 of 1st period - Joe Thornton wins face-off versus Mats Sundin in Oilers zone.
3:56 of 1st period - Duncan Keith is hit by Jeff Schultz and loses puck.
4:06 of 1st period - Icing by Duncan Keith.
4:07 of 1st period - Rod BrindAmour wins face-off versus Joe Thornton in Canucks zone.
4:08 of 1st period - Shot by Cory Stillman.
4:08 of 1st period - Stopped by Jason LaBarbera without a rebound.
4:09 of 1st period - Rod BrindAmour wins face-off versus Ryan Kesler in Canucks zone.
4:23 of 1st period - Icing by Andrew Ference.
4:24 of 1st period - Ryan Kesler wins face-off versus Mats Sundin in Canucks zone.
4:42 of 1st period - Minor Penalty to Mats Sundin for Interference.
4:43 of 1st period - Scott Nichol wins face-off versus Corey Perry in Oilers zone.
4:52 of 1st period - Shot by Patrice Bergeron.
4:52 of 1st period - Shot Misses the Net.
4:53 of 1st period - Minor Penalty to Rob Blake for Holding.
4:54 of 1st period - Rod BrindAmour wins face-off versus Joe Thornton in Canucks zone.
5:07 of 1st period - Shot by Joe Thornton.
5:07 of 1st period - Stopped by Kari Lehtonen with a rebound.
5:15 of 1st period - Shot by Ron Hainsey.
5:15 of 1st period - Stopped by Kari Lehtonen without a rebound.
5:16 of 1st period - Ryan Kesler wins face-off versus Michal Handzus in Oilers zone.
5:54 of 1st period - Shot by Michal Handzus.
5:54 of 1st period - Shot Misses the Net.
6:20 of 1st period - Shot by Joe Thornton.
6:20 of 1st period - Shot Hit the Post.
6:22 of 1st period - Shot by Ron Hainsey.
6:22 of 1st period - Stopped by Kari Lehtonen without a rebound.
6:23 of 1st period - Joe Thornton wins face-off versus Rod BrindAmour in Oilers zone.
6:37 of 1st period - Off-side.
6:38 of 1st period - Michal Handzus wins face-off versus Joe Thornton in neutral zone.
6:45 of 1st period - Shot by Dan Hamhuis.
6:45 of 1st period - Shot Blocked by Ron Hainsey.
7:09 of 1st period - Radek Dvorak is hit by Joe Thornton and loses puck.
7:14 of 1st period - Shot by Corey Perry.
7:14 of 1st period - Shot Misses the Net.
7:35 of 1st period - Corey Perry and Jeff Schultz fight to a draw.
7:35 of 1st period - Penalty to Corey Perry for Fighting.
7:35 of 1st period - Penalty to Jeff Schultz for Fighting.
7:36 of 1st period - Michal Handzus wins face-off versus Vincent Lecavalier in Oilers zone.
7:46 of 1st period - Steve Sullivan is hit by David Backes and loses puck.
8:09 of 1st period - Shot by Alex Tanguay.
8:09 of 1st period - Stopped by Kari Lehtonen without a rebound.
8:10 of 1st period - Ryan Kesler wins face-off versus Rod BrindAmour in Oilers zone.
8:20 of 1st period - Icing by Rod BrindAmour.
8:21 of 1st period - Rod BrindAmour wins face-off versus Ryan Kesler in Oilers zone.
8:21 of 1st period - Rod BrindAmour is hit by Kyle Okposo.
9:18 of 1st period - Duncan Keith is hit by Michal Handzus and loses puck.
9:32 of 1st period - Alexander Frolov is hit by Bryce Salvador and loses puck.
9:42 of 1st period - Minor Penalty to Michal Handzus for Tripping.
9:43 of 1st period - Vincent Lecavalier wins face-off versus Radek Dvorak in Oilers zone.
9:56 of 1st period - Shot by David Backes.
9:56 of 1st period - Stopped by Kari Lehtonen without a rebound.
9:57 of 1st period - Joe Thornton wins face-off versus Milan Hejduk in Oilers zone.
10:18 of 1st period - Shot by Alexander Frolov.
10:18 of 1st period - Deflect By Ales Hemsky.
10:18 of 1st period - Stopped by Kari Lehtonen without a rebound.
10:19 of 1st period - Dan Cleary wins face-off versus Vincent Lecavalier in Oilers zone.
10:53 of 1st period - Off-side.
10:54 of 1st period - Joe Thornton wins face-off versus Dan Cleary in neutral zone.
11:15 of 1st period - Shot by Alexander Edler.
11:15 of 1st period - Stopped by Kari Lehtonen without a rebound.
11:16 of 1st period - Ryan Kesler wins face-off versus Dan Cleary in Oilers zone.
11:22 of 1st period - Off-side.
11:23 of 1st period - Dan Cleary wins face-off versus Joe Thornton in neutral zone.
11:52 of 1st period - Shot by Fedor Tyutin.
11:52 of 1st period - Shot Blocked by Matt Niskanen.
12:46 of 1st period - Shot by Ales Hemsky.
12:46 of 1st period - Shot Misses the Net.
12:48 of 1st period - Shot by Andrew Ference.
12:48 of 1st period - Shot Misses the Net.
12:52 of 1st period - Shot by Ales Hemsky.
12:52 of 1st period - Stopped by Kari Lehtonen with a rebound.
13:32 of 1st period - Shot by Alex Tanguay.
13:32 of 1st period - Shot Misses the Net.
13:34 of 1st period - Shot by Alexander Edler.
13:34 of 1st period - Stopped by Kari Lehtonen without a rebound.
13:35 of 1st period - Joe Thornton wins face-off versus Mats Sundin in Oilers zone.
14:00 of 1st period - Shot by Corey Perry.
14:00 of 1st period - Stopped by Kari Lehtonen without a rebound.
14:01 of 1st period - Michal Handzus wins face-off versus Jay McClement in Oilers zone.
14:20 of 1st period - Shot by Milan Hejduk.
14:20 of 1st period - Stopped by Jason LaBarbera without a rebound.
14:21 of 1st period - Mats Sundin wins face-off versus Ryan Kesler in Canucks zone.
15:42 of 1st period - Off-side.
15:43 of 1st period - Scott Nichol wins face-off versus Vincent Lecavalier in neutral zone.
15:59 of 1st period - Fernando Pisani is hit by Alexander Edler and loses puck.
16:15 of 1st period - Icing by Fedor Tyutin.
16:16 of 1st period - Vincent Lecavalier wins face-off versus Rod BrindAmour in Canucks zone.
16:41 of 1st period - Shot by Dan Cleary.
16:41 of 1st period - Deflect By Rod BrindAmour.
16:41 of 1st period - Shot Misses the Net.
16:47 of 1st period - Shot by Dan Cleary.
16:47 of 1st period - Shot Misses the Net.
17:12 of 1st period - Bryce Salvador is hit by Kyle Okposo and loses puck.
17:20 of 1st period - Icing by Bryce Salvador.
17:21 of 1st period - Michal Handzus wins face-off versus Alexander Frolov in Oilers zone.
17:36 of 1st period - Icing by Joe Thornton.
17:37 of 1st period - Mats Sundin wins face-off versus Joe Thornton in Canucks zone.
17:37 of 1st period - Minor Penalty to Rob Blake for Tripping.
17:38 of 1st period - Mats Sundin wins face-off versus Ryan Kesler in Canucks zone.
17:41 of 1st period - Shot by Cory Stillman.
17:41 of 1st period - Shot Blocked by Ryan Kesler.
17:43 of 1st period - Shot by Dan Cleary.
17:43 of 1st period - Stopped by Jason LaBarbera without a rebound.
17:44 of 1st period - Rod BrindAmour wins face-off versus Jay McClement in Canucks zone.
18:38 of 1st period - Icing by Dan Hamhuis.
18:39 of 1st period - Ryan Kesler wins face-off versus Mats Sundin in Oilers zone.
18:42 of 1st period - Shot by Ian White.
18:42 of 1st period - Shot Misses the Net.
18:55 of 1st period - Minor Penalty to Ian White for Hooking.
18:56 of 1st period - Vincent Lecavalier wins face-off versus Mats Sundin in Canucks zone.
18:56 of 1st period - Vincent Lecavalier is hit by Cory Stillman.
19:20 of 1st period - Shot by Dan Hamhuis.
19:20 of 1st period - Shot Misses the Net.

Period #2

0:01 of 2nd period - Rod BrindAmour wins face-off versus Ryan Kesler in neutral zone.
0:20 of 2nd period - Shot by Dan Cleary.
0:20 of 2nd period - Stopped by Jason LaBarbera without a rebound.
0:21 of 2nd period - Mats Sundin wins face-off versus Jay McClement in Canucks zone.
0:41 of 2nd period - Off-side.
0:42 of 2nd period - Rod BrindAmour wins face-off versus Ryan Kesler in neutral zone.
1:07 of 2nd period - Shot by Joe Thornton.
1:07 of 2nd period - Shot Misses the Net.
1:09 of 2nd period - Shot by Alexander Frolov.
1:09 of 2nd period - Deflect By Corey Perry.
1:09 of 2nd period - Stopped by Kari Lehtonen without a rebound.
1:10 of 2nd period - Scott Nichol wins face-off versus Vincent Lecavalier in Oilers zone.
1:21 of 2nd period - Milan Hejduk is hit by David Backes.
1:58 of 2nd period - Icing by Niclas Havelid.
1:59 of 2nd period - Scott Nichol wins face-off versus Joe Thornton in Oilers zone.
2:26 of 2nd period - Shot by Mats Sundin.
2:26 of 2nd period - Shot Blocked by Duncan Keith.
2:56 of 2nd period - Shot by Radek Dvorak.
2:56 of 2nd period - Goal by Radek Dvorak - Oilers : 1 - Canucks : 1.
2:57 of 2nd period - Michal Handzus wins face-off versus Kyle Okposo in neutral zone.
3:15 of 2nd period - Michal Handzus is hit by Andrew Ference and loses puck.
3:21 of 2nd period - Off-side.
3:22 of 2nd period - Vincent Lecavalier wins face-off versus Rod BrindAmour in neutral zone.
5:25 of 2nd period - Shot by Corey Perry.
5:25 of 2nd period - Stopped by Kari Lehtonen without a rebound.
5:26 of 2nd period - Joe Thornton wins face-off versus Dan Cleary in Oilers zone.
5:51 of 2nd period - Alexander Frolov is hit by Dan Cleary.
5:55 of 2nd period - Minor Penalty to Corey Perry for Hooking.
5:56 of 2nd period - Rod BrindAmour wins face-off versus Jay McClement in Canucks zone.
6:22 of 2nd period - Off-side.
6:23 of 2nd period - Mats Sundin wins face-off versus Ryan Kesler in neutral zone.
6:35 of 2nd period - Milan Hejduk is hit by Duncan Keith.
8:06 of 2nd period - Alex Tanguay is hit by Jeff Schultz.
8:36 of 2nd period - Icing by Fedor Tyutin.
8:37 of 2nd period - Scott Nichol wins face-off versus Vincent Lecavalier in Canucks zone.
8:51 of 2nd period - Icing by Fedor Tyutin.
8:52 of 2nd period - Vincent Lecavalier wins face-off versus Michal Handzus in Canucks zone.
9:15 of 2nd period - Michal Handzus is hit by Joe Thornton and loses puck.
9:31 of 2nd period - Off-side.
9:32 of 2nd period - Rod BrindAmour wins face-off versus Ryan Kesler in neutral zone.
10:26 of 2nd period - Icing by Jeff Schultz.
10:27 of 2nd period - Joe Thornton wins face-off versus Mats Sundin in Oilers zone.
11:17 of 2nd period - Icing by Milan Hejduk.
11:18 of 2nd period - Vincent Lecavalier wins face-off versus Michal Handzus in Oilers zone.
11:18 of 2nd period - Alex Tanguay is hit by Bryce Salvador and loses puck.
11:19 of 2nd period - Minor Penalty to Bryce Salvador for High sticking.
11:20 of 2nd period - Scott Nichol wins face-off versus Joe Thornton in Oilers zone.
13:09 of 2nd period - Shot by Ron Hainsey.
13:09 of 2nd period - Stopped by Kari Lehtonen without a rebound.
13:10 of 2nd period - Vincent Lecavalier wins face-off versus Michal Handzus in Oilers zone.
13:19 of 2nd period - Shot by Vincent Lecavalier.
13:19 of 2nd period - Shot Misses the Net.
13:23 of 2nd period - Shot by Andrei Kostitsyn.
13:23 of 2nd period - Stopped by Kari Lehtonen with a rebound.
13:27 of 2nd period - Shot by Fedor Tyutin.
13:27 of 2nd period - Stopped by Kari Lehtonen without a rebound.
13:28 of 2nd period - Jay McClement wins face-off versus Michal Handzus in Oilers zone.
13:29 of 2nd period - Shot by Andrei Kostitsyn.
13:29 of 2nd period - Shot Misses the Net.
13:44 of 2nd period - Icing by Andrew Ference.
13:45 of 2nd period - Rod BrindAmour wins face-off versus Jay McClement in Canucks zone.
14:10 of 2nd period - Shot by Cory Stillman.
14:10 of 2nd period - Stopped by Jason LaBarbera without a rebound.
14:11 of 2nd period - Joe Thornton wins face-off versus Michal Handzus in Canucks zone.
14:38 of 2nd period - Shot by Corey Perry.
14:38 of 2nd period - Shot Hit the Post.
14:46 of 2nd period - Shot by Milan Hejduk.
14:46 of 2nd period - Shot Misses the Net.
15:20 of 2nd period - Shot by Alex Tanguay.
15:20 of 2nd period - Stopped by Kari Lehtonen without a rebound.
15:21 of 2nd period - Rod BrindAmour wins face-off versus Ryan Kesler in Oilers zone.
15:21 of 2nd period - Rod BrindAmour is hit by Ryan Kesler.
15:41 of 2nd period - Icing by Dan Cleary.
15:42 of 2nd period - Rod BrindAmour wins face-off versus Vincent Lecavalier in Oilers zone.
15:42 of 2nd period - Rod BrindAmour is hit by David Backes.
16:03 of 2nd period - Vincent Lecavalier is hit by Dan Hamhuis and loses puck.
16:13 of 2nd period - Icing by Dan Hamhuis.
16:14 of 2nd period - Rod BrindAmour wins face-off versus Ryan Kesler in Oilers zone.
16:55 of 2nd period - Icing by Andrew Ference.
16:56 of 2nd period - Michal Handzus wins face-off versus Kyle Okposo in Canucks zone.
17:34 of 2nd period - Minor Penalty to Duncan Keith for Hooking.
17:35 of 2nd period - Mats Sundin wins face-off versus Jay McClement in Canucks zone.
18:32 of 2nd period - Shot by Rod BrindAmour.
18:32 of 2nd period - Goal by Rod BrindAmour - Oilers : 2 - Canucks : 1.
18:33 of 2nd period - Joe Thornton wins face-off versus Mats Sundin in neutral zone.
18:50 of 2nd period - Shot by Corey Perry.
18:50 of 2nd period - Stopped by Kari Lehtonen without a rebound.
18:51 of 2nd period - Vincent Lecavalier wins face-off versus Mats Sundin in Oilers zone.
19:07 of 2nd period - Minor Penalty to Scott Hannan for Interference.
19:08 of 2nd period - David Backes wins face-off versus Michal Handzus in Oilers zone.
19:15 of 2nd period - Shot by David Backes.
19:15 of 2nd period - Stopped by Kari Lehtonen without a rebound.
19:16 of 2nd period - Joe Thornton wins face-off versus Scott Nichol in Oilers zone.
19:45 of 2nd period - Shot by Alexander Frolov.
19:45 of 2nd period - Stopped by Kari Lehtonen without a rebound.
19:46 of 2nd period - Vincent Lecavalier wins face-off versus Michal Handzus in Oilers zone.
19:51 of 2nd period - Shot by Duncan Keith.
19:51 of 2nd period - Stopped by Kari Lehtonen without a rebound.
19:52 of 2nd period - Michal Handzus wins face-off versus Vincent Lecavalier in Oilers zone.

Period #3

0:01 of 3rd period - Scott Nichol wins face-off versus Corey Perry in neutral zone.
0:21 of 3rd period - Corey Perry is hit by Scott Nichol.
1:29 of 3rd period - Icing by Michal Handzus.
1:30 of 3rd period - Jay McClement wins face-off versus Michal Handzus in Oilers zone.
2:22 of 3rd period - Off-side.
2:23 of 3rd period - Vincent Lecavalier wins face-off versus Rod BrindAmour in neutral zone.
2:39 of 3rd period - Off-side.
2:40 of 3rd period - Ryan Kesler wins face-off versus Mats Sundin in neutral zone.
3:58 of 3rd period - Icing by Dan Cleary.
3:59 of 3rd period - Rod BrindAmour wins face-off versus Joe Thornton in Oilers zone.
3:59 of 3rd period - Rod BrindAmour is hit by Corey Perry.
4:28 of 3rd period - Minor Penalty to Rob Blake for High sticking.
4:29 of 3rd period - Ryan Kesler wins face-off versus Milan Hejduk in Canucks zone.
4:52 of 3rd period - Duncan Keith is hit by Milan Hejduk and loses puck.
5:09 of 3rd period - Shot by Steve Sullivan.
5:09 of 3rd period - Stopped by Jason LaBarbera without a rebound.
5:10 of 3rd period - Ryan Kesler wins face-off versus Mats Sundin in Canucks zone.
6:02 of 3rd period - Shot by Steve Sullivan.
6:02 of 3rd period - Shot Misses the Net.
6:29 of 3rd period - Mats Sundin is hit by Rob Blake and loses puck.
6:39 of 3rd period - Minor Penalty to Rob Blake for Roughing.
6:40 of 3rd period - Ryan Kesler wins face-off versus Mats Sundin in Canucks zone.
8:06 of 3rd period - Shot by Scott Hannan.
8:06 of 3rd period - Goal by Scott Hannan - Oilers : 3 - Canucks : 1.
8:07 of 3rd period - Michal Handzus wins face-off versus Joe Thornton in neutral zone.
8:20 of 3rd period - Shot by Radek Dvorak.
8:20 of 3rd period - Shot Misses the Net.
8:49 of 3rd period - Icing by Rob Blake.
8:50 of 3rd period - Joe Thornton wins face-off versus Scott Nichol in Canucks zone.
11:16 of 3rd period - Shot by Andrei Kostitsyn.
11:16 of 3rd period - Shot Misses the Net.
11:55 of 3rd period - Shot by Joe Thornton.
11:55 of 3rd period - Stopped by Kari Lehtonen with a rebound.
11:57 of 3rd period - Shot by Duncan Keith.
11:57 of 3rd period - Shot Misses the Net.
12:01 of 3rd period - Shot by Corey Perry.
12:01 of 3rd period - Shot Misses the Net.
12:34 of 3rd period - Shot by Milan Hejduk.
12:34 of 3rd period - Shot Misses the Net.
12:36 of 3rd period - Shot by Milan Hejduk.
12:36 of 3rd period - Deflect By Fernando Pisani.
12:36 of 3rd period - Goal by Fernando Pisani - Oilers : 4 - Canucks : 1.
12:36 of 3rd period - Cam Ward enters game.
12:37 of 3rd period - Jay McClement wins face-off versus Mats Sundin in neutral zone.
12:37 of 3rd period - Fedor Tyutin is hit by Patrice Bergeron and loses puck.
12:43 of 3rd period - Rob Blake is hit by Jeff Schultz and loses puck.
12:48 of 3rd period - Shot by Ian White.
12:48 of 3rd period - Shot Misses the Net.
12:56 of 3rd period - Rob Blake is hit by Radek Dvorak and loses puck.
13:58 of 3rd period - Shot by Alexander Frolov.
13:58 of 3rd period - Deflect By Corey Perry.
13:58 of 3rd period - Stopped by Kari Lehtonen without a rebound.
13:59 of 3rd period - Scott Nichol wins face-off versus David Backes in Oilers zone.
14:04 of 3rd period - Fedor Tyutin is hit by Scott Nichol and loses puck.
14:26 of 3rd period - Icing by Vincent Lecavalier.
14:27 of 3rd period - Vincent Lecavalier wins face-off versus Rod BrindAmour in Canucks zone.
14:37 of 3rd period - Icing by Dan Hamhuis.
14:38 of 3rd period - Rod BrindAmour wins face-off versus Joe Thornton in Oilers zone.
15:06 of 3rd period - Joe Thornton is hit by Dan Hamhuis and loses puck.
15:36 of 3rd period - Andrew Ference is hit by Michal Handzus.
16:23 of 3rd period - Shot by Fernando Pisani.
16:23 of 3rd period - Shot Misses the Net.
16:36 of 3rd period - Icing by Scott Hannan.
16:37 of 3rd period - Vincent Lecavalier wins face-off versus Scott Nichol in Oilers zone.
16:38 of 3rd period - Shot by Alex Tanguay.
16:38 of 3rd period - Stopped by Kari Lehtonen without a rebound.
16:39 of 3rd period - Rod BrindAmour wins face-off versus Vincent Lecavalier in Oilers zone.
16:49 of 3rd period - Icing by Fedor Tyutin.
16:50 of 3rd period - Michal Handzus wins face-off versus Vincent Lecavalier in Canucks zone.
16:51 of 3rd period - Shot by Steve Sullivan.
16:51 of 3rd period - Shot Blocked by Fedor Tyutin.
17:09 of 3rd period - Matt Niskanen is hit by David Backes and loses puck.
17:32 of 3rd period - Shot by Cory Stillman.
17:32 of 3rd period - Stopped by Cam Ward without a rebound.
17:33 of 3rd period - Joe Thornton wins face-off versus Mats Sundin in Canucks zone.
17:58 of 3rd period - Shot by Radek Dvorak.
17:58 of 3rd period - Deflect By Patrice Bergeron.
17:58 of 3rd period - Stopped by Cam Ward without a rebound.
17:59 of 3rd period - Rod BrindAmour wins face-off versus Ryan Kesler in Canucks zone.
18:25 of 3rd period - Shot by Ron Hainsey.
18:25 of 3rd period - Goal by Ron Hainsey - Oilers : 4 - Canucks : 2.
18:26 of 3rd period - Joe Thornton wins face-off versus Michal Handzus in neutral zone.
18:36 of 3rd period - Shot by Corey Perry.
18:36 of 3rd period - Deflect By Joe Thornton.
18:36 of 3rd period - Stopped by Kari Lehtonen with a rebound.
18:40 of 3rd period - Shot by Joe Thornton.
18:40 of 3rd period - Shot Blocked by Bryce Salvador.
19:48 of 3rd period - Vincent Lecavalier is hit by Scott Hannan and loses puck.


Output by the SimonT Hockey Simulator (STHS) for Stephane Roy -- Original Page W3C XHTML 1.0 Valid